 Dungeon Crawl Stone Soup version 0.23.2-1-ga50397a6bc (webtiles) character file.

Game seed: 8633346775159868784

494 Gargoyl the Skirmisher (level 6, -6/52 HPs)
             Began as a Centaur Abyssal Knight on May 9, 2019.
             Was a Believer of Lugonu.
             Mangled by an orc warrior
             ... wielding a +0 glaive
              (9 damage)
             ... on level 2 of the Dungeon.
             The game lasted 00:08:00 (4580 turns).

Gargoyl the Skirmisher (Centaur Abyssal Knight)     Turns: 4580, Time: 00:08:01

Health: -6/52      AC:  9    Str: 16    XL:     6   Next: 92%
Magic:  8/8        EV:  9    Int: 11    God:    Lugonu [**....]
Gold:   68         SH:  0    Dex: 12    Spells: 7/7 levels left

rFire    . . .     SeeInvis .   a - +1 hand axe
rCold    + . .     Gourm    .   (no shield)
rNeg     . . .     Faith    .   h - +0 ring mail {rC+}
rPois    .         Spirit   .   d - +0 helmet
rElec    .         Reflect  .   f - +0 cloak
rCorr    .         Harm     .   e - +0 pair of gloves
MR       .....                  (no barding)
Stlth    ..........             (no amulet)
HPRegen  0.17/turn              m - +3 ring of dexterity
MPRegen  0.11/turn              (no ring)

@: very quick
A: large, hooves 3, deformed body, speed 2, tough skin 3
a: Depart the Abyss, Bend Space, Renounce Religion


You were on level 2 of the Dungeon.
You worshipped Lugonu.
Lugonu was pleased with you.
You were not hungry.

You visited 1 branch of the dungeon, and saw 4 of its levels.
You visited the Abyss 1 time.

You collected 68 gold pieces.

Inventory:

Hand Weapons
 a - a +1 hand axe (weapon)
 n - a +0 war axe
Missiles
 j - 4 javelins (quivered)
Armour
 d - a +0 helmet (worn)
 e - a +0 pair of gloves (worn)
 f - a +0 cloak (worn)
 h - a +0 ring mail of cold resistance (worn)
Jewellery
 m - a +3 ring of dexterity (left hand)
Wands
 g - a wand of acid (7)
Scrolls
 b - 3 scrolls of identify
Comestibles
 c - 4 rations


   Skills:
 + Level 3.8 Fighting
 + Level 3.6 Axes
 + Level 1.2 Throwing
 * Level 3.0 Armour
 * Level 1.8 Dodging
 * Level 1.4 Spellcasting
 * Level 3.4 Invocations


You had 7 spell levels left.
You didn't know any spells.
Your spell library was empty.

Dungeon Overview and Level Annotations

Branches:
Dungeon (4/15)
 Temple: D:4-7

Altars:
Gozag

Annotations:
D:3 Grinder, Ijyb


Innate Abilities, Weirdness & Mutations

You have hooves in place of feet.
Armour fits poorly on your strangely shaped body.
You cover ground very quickly.
You have extremely tough skin. (AC +3)


Message History

You kick the orc warrior!
The orc warrior is almost dead.
The orc warrior hits you with a +0 glaive!
You closely miss the orc warrior. Your kick misses the orc warrior.
The orc warrior is almost dead.
You closely miss the orc warrior. You kick the orc warrior.
The orc warrior is almost dead.
The orc warrior hits you but does no damage.
You barely miss the orc warrior. Your kick misses the orc warrior.
The orc warrior is almost dead.
The orc warrior hits you with a +0 glaive!
* * * LOW HITPOINT WARNING * * *
You hit the orc warrior but do no damage.
Your kick misses the orc warrior.
The orc warrior is almost dead.
The orc warrior barely misses you.
You barely miss the orc warrior. Your kick misses the orc warrior.
The orc warrior is almost dead.
The orc warrior hits you with a +0 glaive!
You die...

#....##.....######...##
####.##...........[..#.
##.##...os#######.##.
#...##.......s.....#.
#...#####.#######..#.
#...##....# #....
###...##....#########.#
#.....o'........^......
#....#@#...##########..
#....#<#...# #..
#....###...# #.. #....#
#...# #######. #....#
#...# #......o #....#
#...# #....... #....
#...# #...(... #...#
#....... #.....>.


You could see an orc warrior.

Vanquished Creatures
  An ogre (D:4)
  A phantom (D:4)
  An orc priest (D:3)
  Terence (D:4)
  4 orc wizards
  4 gnolls
  A howler monkey skeleton (D:4)
  4 adders
  An ooze (D:3)
  3 worms (D:2)
  A dart slug (D:3)
  8 orcs
  2 bats
  3 giant cockroaches
  9 goblins
  9 hobgoblins
  2 jackals (D:3)
  4 frilled lizards
  7 kobolds
  2 rats
68 creatures vanquished.

Notes
Turn   | Place    | Note
-------+----------+-------------------------------------------
     0 | Abyss:1  | Gargoyl the Centaur Abyssal Knight began the quest for the
                  | Orb.
     0 | Abyss:1  | Reached XP level 1. HP: 19/19 MP: 2/2
   144 | Abyss:1  | Noticed a spatial vortex
   144 | Abyss:1  | Noticed a spatial maelstrom
   145 | Abyss:1  | Noticed a sixfirhy
   151 | D:1      | Escaped the Abyss
   392 | D:1      | Reached * piety under Lugonu
   559 | D:1      | Reached XP level 2. HP: 26/26 MP: 3/3
  1046 | D:2      | Found an opulent altar of Gozag.
  1081 | D:2      | Reached XP level 3. HP: 20/31 MP: 4/4
  1315 | D:3      | Reached skill level 1 in Dodging
  1899 | D:2      | Reached XP level 4. HP: 37/38 MP: 5/5
  2123 | D:2      | Noticed an orc warrior
  2718 | D:3      | Noticed Grinder
  2719 | D:3      | Paralysed by Grinder for 5 turns
  2742 | D:3      | Noticed Ijyb
  2791 | D:4      | Noticed an ogre
  2796 | D:4      | Killed an ogre
  2796 | D:4      | Reached skill level 1 in Spellcasting
  2796 | D:4      | Reached XP level 5. HP: 39/45 MP: 7/7
  2882 | D:3      | Noticed Terence
  2894 | D:3      | Paralysed by Grinder for 2 turns
  3028 | D:4      | Noticed a phantom
  3043 | D:4      | Killed Terence
  3043 | D:4      | Reached skill level 1 in Throwing
  3062 | D:4      | Killed a phantom
  3062 | D:4      | Reached XP level 6. HP: 6/52 MP: 8/8
  3671 | D:3      | Reached ** piety under Lugonu
  3960 | D:3      | Paralysed by Grinder for 7 turns
  4578 | D:2      | HP: 2/52 [orc warrior/+0 glaive (15)]
  4580 | D:2      | Mangled by an orc warrior

Skill      XL: |  1  2  3  4  5  6 |
---------------+-------------------+-----
Axes           | 2 3 |  3.6
Dodging        | 1 |  1.8
Armour         | 2 3 |  3.0
Spellcasting   | 1 |  1.4
Invocations    | 3 |  3.4
Throwing       | 1 |  1.2
Fighting       | |  3.8

Action                   |  1- 3 |  4- 6 || total
-------------------------+-------+-------++-------
Melee: Hand axe          |    68 |   175 ||   243
       Kick              |     9 |    33 ||    42
Throw: Javelin           |    19 |     9 ||    28
Invok: Depart the Abyss  |     1 |       ||     1
  Use: Scroll            |     3 |     2 ||     5
       Potion            |       |     3 ||     3
  Eat: Chunk             |     2 |     5 ||     7
       Ration            |       |     1 ||     1
Armor: Leather armour    |     8 |       ||     8
       Ring mail         |    22 |   105 ||   127
Dodge: Dodged            |    28 |    79 ||   107
